 Seeded DCSS version 0.30-a0-711-gf4ac18a38d (webtiles) character file.

Game seed: 10938482472655219133 (custom seed)

2787 purpskrrrp the Ruffian (level 9, -2/84 HPs)
             Began as a Troll Transmuter on Jan 22, 2023.
             Was a High Priest of Cheibriados.
             Shot with an arrow by a centaur warrior (10 damage)
             ... on level 8 of the Dungeon.
             The game lasted 00:13:48 (5798 turns).

purpskrrrp the Ruffian (Troll Transmuter)           Turns: 5798, Time: 00:13:49

Health: -2/84      AC:  4    Str: 38    XL:     9   Next: 43%
Magic:  12/12      EV: 14    Int: 23    God:    Cheibriados [*****.]
Gold:   500        SH: 12    Dex: 24    Spells: 11/14 levels left

rFire   . . .      SeeInvis .      - Unarmed
rCold   + . .      Faith    +    e - +1 kite shield
rNeg    . . .      Spirit   .    a - +0 robe
rPois   .          Reflect  .    (helmet currently unavailable)
rElec   .          Harm     .    (no cloak)
rCorr   .          Rampage  .    (gloves unavailable)
Will    .....                    (boots unavailable)
Stlth   ++                       r - amulet of faith
HPRegen 1.14/turn                s - +5 ring of evasion
MPRegen 0.13/turn                B - ring of protection from cold

@: appendages (expiring), very slow
A: horns 2, talons 2, large, unfitting armour, claws 3, regeneration 1, shaggy
fur 1, tough skin 1
a: End Transformation, Renounce Religion, Bend Time, Temporal Distortion,
Slouch, Step From Time


You were on level 8 of the Dungeon.
You worshipped Cheibriados.
Cheibriados was extremely pleased with you.
You had temporarily grown beastly horns and talons.
You visited 1 branch of the dungeon, and saw 8 of its levels.
You also visited: Sewer.

You collected 500 gold pieces.

Inventory:

Hand Weapons
 D - a +0 giant spiked club of venom
Missiles
 k - 3 javelins
 u - 13 boomerangs
 v - 4 poisoned darts
 C - 2 throwing nets
Armour
 a - a +0 robe (worn)
 e - a +1 kite shield (worn)
 m - the +1 hat of the Several Beds (melded) {Dex+7}
   (You acquired it in a sewer)

   Dex:       It affects your dexterity (+7).
Jewellery
 c - a ring of fire
 r - an amulet of faith (around neck)
 s - a +5 ring of evasion (left claw)
 w - a ring of fire
 A - a ring of magical power
 B - a ring of protection from cold (right claw)
Wands
 E - a wand of polymorph (9)
 F - a wand of paralysis (12)
Scrolls
 l - 4 scrolls of teleportation
 q - a scroll of noise
 t - 2 scrolls of immolation
Potions
 b - a potion of lignification
 d - 2 potions of ambrosia
 f - a potion of heal wounds
 g - 2 potions of resistance
 h - 4 potions of curing
 i - 2 potions of attraction
 j - 2 potions of haste {unknown}
 o - a potion of invisibility
 p - a potion of might {unknown}
 x - 3 potions of mutation {unknown}
 z - 2 potions of degeneration {unknown}


   Skills:
 + Level 3.8 Fighting
 - Level 1.5 Dodging
 + Level 3.6 Shields
 * Level 7.4 Unarmed Combat
 + Level 3.1 Spellcasting
 * Level 5.4 Transmutations
 + Level 3.0 Invocations


You had 11 spell levels left.
You knew the following spells:

 Your Spells              Type           Power      Damage    Failure   Level
a - Beastly Appendage     Tmut           56%        N/A       2%          1
b - Passwall              Tmut/Erth      13%        N/A       13%         2

Your spell library contained the following spells:

 Spells                   Type           Power      Damage    Failure   Level
 Wereblood                Tmut           28%        N/A       4%          2
 Sandblast                Erth           6%         2d5       26%         1
 Spider Form              Tmut/Pois      16%        N/A       26%         3
 Gell's Gravitas          Tloc           3%         N/A       63%         3
 Stone Arrow              Conj/Erth      6%         3d7       63%         3
 Teleport Other           Tloc           3%         N/A       63%         3
 Ice Form                 Ice/Tmut       16%        N/A       65%         4
 Dispersal                Tloc           1%         N/A       100%        6


Dungeon Overview and Level Annotations

Branches:
Dungeon (8/15)             Temple (0/1) D:5           Sewer (visited)
   Lair: D:8-11

Altars:
Cheibriados
Gozag
Okawaru
Qazlal
Vehumet
Xom
Zin

Shops:
D:1 :   D:5 (


Innate Abilities, Weirdness & Mutations

You have temporarily grown beastly horns and talons.
You are too large for most types of armour.
You have claws for hands.
Your natural rate of healing is unusually fast.
You are covered in fur. (AC +1)
You have tough skin. (AC +1)


Message History

You feel much better.
The centaur warrior shoots an arrow.
The arrow barely misses you.
The centaur warrior unwields a +0 shortbow.
You block the centaur warrior's attack.
The centaur warrior barely misses you. x2
The centaur warrior kicks you. The centaur warrior misses you.
The centaur warrior kicks you.
You claw the centaur warrior!
The centaur warrior is lightly wounded.
The centaur warrior hits you!
* * * LOW HITPOINT WARNING * * *
The centaur warrior kicks you.
* * * LOW HITPOINT WARNING * * *
You mangle the centaur warrior!!
The centaur warrior is heavily wounded.
The centaur warrior hits you!
* * * LOW HITPOINT WARNING * * *
The centaur warrior kicks you but does no damage.
The centaur warrior hits you!
* * * LOW HITPOINT WARNING * * *
You block the centaur warrior's attack.
Okay, then.
As you read the scroll of fear, it crumbles to dust.
You assume a fearsome visage.
The centaur warrior looks frightened!
Cornered, the centaur warrior turns to fight!
Blink to where?
Press: ? - help, Dir - move target
Found a stone staircase leading up.
As you read the scroll of blinking, it crumbles to dust.
Your transformation is almost over.
A centaur warrior is nearby!
As you read the scroll of fear, it crumbles to dust.
You assume a fearsome visage.
The centaur warrior resists with some effort.
The centaur warrior wields a +0 shortbow.
The centaur warrior shoots an arrow.
The arrow hits you.
* * * LOW HITPOINT WARNING * * *
There is a stone staircase leading up here.
The centaur warrior shoots an arrow.
You block the arrow.
The centaur warrior shoots an arrow.
The arrow hits you!
You die...

##### .... ###..#
#....# ##@.# #..##
## #..# .####.##
...#.. ### ...c..
###... ##....###...
#..##.....#####
#####c###.#.......#


You could see a centaur warrior.

Vanquished Creatures
  Prince Ribbit (D:7)
  2 water moccasins (D:6)
  3 sky beasts
  3 centaurs (D:6)
  2 ogres
  A phantom (D:5)
  2 bullfrogs (Sewer)
  A necrophage (D:7)
  6 scorpions
  3 wights (D:6)
  3 howler monkeys (D:7)
  A quasit (D:6)
  2 hounds
  2 jellies
  2 gnoll boudas
  An orc priest (D:6)
  An iron imp (D:3)
  An iguana (D:5)
  An orc wizard (D:6)
  11 gnolls
  13 adders
  11 river rats
  5 shadow imps
  A white imp (D:7)
  3 ufetubi (D:6)
  3 worms
  2 dart slugs
  9 orcs
  15 ball pythons
  A bat (D:3)
  6 endoplasms
  2 giant cockroaches (D:3)
  7 goblins
  10 hobgoblins
  4 jackals (D:5)
  7 quokkas
  4 frilled lizards (Sewer)
  7 kobolds
  27 rats
186 creatures vanquished.

Notes
Turn   | Place    | Note
-------+----------+-------------------------------------------
     0 | D:1      | purpskrrrp the Troll Transmuter began the quest for the
                  | Orb.
     0 | D:1      | Reached XP level 1. HP: 18/18 MP: 1/1
   171 | D:1      | Found Doschec's Book Shoppe.
   359 | D:1      | Reached XP level 2. HP: 24/26 MP: 2/2
   369 | D:1      | Reached skill level 1 in Fighting
   932 | D:2      | Reached XP level 3. HP: 31/33 MP: 4/4
  1238 | D:2      | Reached XP level 4. HP: 41/41 MP: 3/5
  1528 | D:3      | Found a stormy altar of Qazlal.
  1640 | D:3      | Found a snail-covered altar of Cheibriados.
  1761 | D:3      | Reached skill level 4 in Unarmed Combat
  1849 | D:3      | Became a worshipper of Cheibriados the Contemplative
  2606 | D:4      | Reached XP level 5. HP: 48/48 MP: 6/6
  2638 | D:4      | Reached * piety under Cheibriados
  2644 | D:4      | Found a glowing drain.
  2671 | Sewer    | Entered a sewer
  2717 | Sewer    | Learned a level 2 spell: Passwall
  2810 | Sewer    | Reached ** piety under Cheibriados
  2838 | Sewer    | Reached XP level 6. HP: 20/57 MP: 7/7
  3037 | Sewer    | Reached *** piety under Cheibriados
  3106 | Sewer    | Reached skill level 1 in Shields
  3117 | Sewer    | Reached skill level 5 in Unarmed Combat
  3186 | Sewer    | Identified a scroll of acquirement
  3186 | Sewer    | Acquired the +1 hat of the Several Beds {Dex+7}
  3254 | D:4      | Reached **** piety under Cheibriados
  3504 | D:4      | Reached XP level 7. HP: 66/66 MP: 6/9
  3528 | D:4      | Found a radiant altar of Vehumet.
  3531 | D:4      | Found an iron altar of Okawaru.
  3534 | D:4      | Found a glowing silver altar of Zin.
  3537 | D:4      | Found a shimmering altar of Xom.
  3931 | D:5      | Entered Level 5 of the Dungeon
  3931 | D:5      | Found a staircase to the Ecumenical Temple.
  4105 | D:5      | Reached ***** piety under Cheibriados
  4106 | D:5      | Reached skill level 1 in Invocations
  4127 | D:5      | Found Nahiol's Weapon Shoppe.
  4228 | D:5      | Reached XP level 8. HP: 74/74 MP: 8/10
  4444 | D:6      | Reached skill level 6 in Unarmed Combat
  4563 | D:6      | Found an opulent altar of Gozag.
  4837 | D:6      | Reached XP level 9. HP: 83/83 MP: 12/12
  4964 | D:6      | Reached skill level 5 in Transmutations
  5072 | D:7      | Reached skill level 7 in Unarmed Combat
  5114 | D:7      | Noticed Prince Ribbit
  5118 | D:7      | Killed Prince Ribbit
  5772 | D:8      | Noticed a centaur warrior
  5791 | D:8      | HP: 2/84 [centaur warrior (12)]
  5798 | D:8      | Shot with an arrow by a centaur warrior

Illustrated notes

Levels and vault maps discovered:
D:1:      elethiomel_arrival_infinity_welcomes_careful_drivers,
          layout_loops_cross, serial_shops, shop
D:2:      layout_loops_ring
D:3:      layout_basic, chei_slow_surprise, grunt_qazlal_sundering
D:4:      layout_basic, grunt_temple_overflow_cloverleaf, portal_sewer_entry_b
D:5:      layout_rooms, minmay_temple_entry_crystal_x, serial_shops, shop
D:6:      layout_rooms, amcnicky_altar_gilded, serial_demonic, serial_demonic_d,
          serial_demonic_f, serial_demonic_b, serial_demonic_f, serial_demonic_d
D:7:      layout_basic, uniq_prince_ribbit1
D:8:      layout_rooms, old_standard_altar, grunt_ministairs_8

Skill      XL: |  1  2  3  4  5  6  7  8  9 |
---------------+----------------------------+-----
Fighting       | 1 2 3 |  3.8
Transmutations | 2 3 4 5 |  5.4
Unarmed Combat | 4 5 6 7 |  7.4
Spellcasting   | 2 3 |  3.1
Shields        | 1 2 3 |  3.6
Invocations    | 1 2 3 |  3.0
Dodging        | |  1.5

Action                     |  1- 3 |  4- 6 |  7- 9 || total
---------------------------+-------+-------+-------++-------
  Melee: Unarmed           |    71 |   196 |   152 ||   419
         Kick              |     4 |    24 |    33 ||    61
         Headbutt          |     1 |    16 |    19 ||    36
   Cast: Beastly Appendage |     7 |    30 |    31 ||    68
    Use: Scroll            |       |    15 |     6 ||    21
         Potion            |       |     1 |     2 ||     3
   Stab: Sleeping          |     2 |       |     3 ||     5
 Armour: Robe              |    10 |    81 |    29 ||   120
  Dodge: Dodged            |    15 |    91 |   111 ||   217
  Block: Kite shield       |    14 |    99 |   110 ||   223

Table legend: (Time is in decaauts)
 A = Elapsed time spent in this place.
 B = Non-inter-level travel time spent in this place.
 C = Inter-level travel time spent in this place.
 D = Time resting spent in this place.
 E = Time spent auto-exploring this place.
 F = Levels seen in this place.
 G = Mean time per level.
                   A        B        C        D        E       F      G
               +--------+--------+--------+--------+--------+-----+--------+
         Total |   7822 |   7289 |    533 |    101 |   5871 |   9 |  869.1 |
       Dungeon |   7202 |   6669 |    533 |      5 |   5627 |   8 |  900.2 |
         Sewer |    620 |    620 |      0 |     96 |    243 |   1 |  620.0 |
               +--------+--------+--------+--------+--------+-----+--------+

Top non-repeatable levels by time:
     D:4: 1420 daAuts
     D:7: 1302 daAuts
     D:3: 1151 daAuts
     D:6: 962 daAuts
     D:2: 780 daAuts
     D:5: 779 daAuts
     D:1: 733 daAuts
   Sewer: 620 daAuts
     D:8: 72 daAuts
